 Dungeon Crawl Stone Soup version 0.19.1-1-g22dce08 (webtiles) character file.

210 mopl the Cudgeler (level 5, -2/54 HPs)
             Began as an Ogre Arcane Marksman on Jan 5, 2017.
             Slain by a gnoll shaman
             ... wielding a +0 whip
              (5 damage)
             ... on level 4 of the Dungeon.
             The game lasted 00:09:46 (5963 turns).

mopl the Cudgeler (Ogre Arcane Marksman)            Turns: 5963, Time: 00:09:47

Health: -2/54      AC:  3    Str: 16    XL:     5   Next: 88%
Magic:  6/6        EV: 10    Int: 12    God:
Gold:   204        SH:  0    Dex: 13    Spells: 1 memorised, 5 levels left

rFire  . . .     SeeInvis .     o - +0 whip
rCold  . . .     Gourm    .     a - +0 robe
rNeg   . . .     Faith    +     (no shield)
rPois  .         Spirit   .     (helmet restricted)
rElec  .         Reflect  .     (no cloak)
rCorr  .         Harm     .     (gloves unavailable)
MR     .....                    (boots unavailable)
Stlth  +.........               v - amulet of faith {!P}
                                (no ring)
                                q - +3 ring of dexterity

@: glowing, invisible (but backlit and visible)
A: unfitting armour, tough skin 1
a: no special abilities


You were on level 4 of the Dungeon.
You were hungry.

You visited 1 branch of the dungeon, and saw 5 of its levels.

You collected 204 gold pieces.

Inventory:

Hand Weapons
 g - a +0 spear
 j - a +0 club
 o - a +0 whip (weapon)
Missiles
 h - 96 stones (quivered)
 y - 7 poisoned needles
Armour
 a - a +0 robe (worn)
Jewellery
 q - a +3 ring of dexterity (left hand)
 v - an amulet of faith (around neck) {!P}
Scrolls
 e - a scroll of fear {unknown}
 m - 2 scrolls of random uselessness {unknown}
 p - 2 scrolls of blinking {unknown}
 r - 2 scrolls of magic mapping {unknown}
 s - 2 scrolls of fog {unknown}
 w - a scroll of remove curse {unknown}
Potions
 d - a potion of agility
 k - a potion of heal wounds
 l - a potion of invisibility
 t - a potion of brilliance
 x - a potion of cure mutation {!q}
 z - a potion of curing
Books
 b - a book of Debilitation

   Spells                             Type                      Level
   a - Corona                         Hexes                        1
   b - Slow                           Hexes                        2
   c - Gell's Gravitas                Hexes/Translocation          3
   d - Inner Flame                    Hexes/Fire                   3
   e - Cause Fear                     Hexes                        4
   f - Leda's Liquefaction            Hexes/Earth                  4
Comestibles
 f - 3 bread rations
 i - a meat ration
 n - a royal jelly
 A - 2 chunks of flesh


   Skills:
 + Level 4.1 Fighting
 * Level 4.4 Maces & Flails
 + Level 3.4 Throwing
 - Level 1.7 Dodging
 - Level 1.2 Spellcasting
 - Level 2.1 Hexes


You had 5 spell levels left.
You knew the following spells:

 Your Spells              Type           Power        Failure   Level  Hunger
a - Corona                Hex            #......      14%         1    ##.....


Dungeon Overview and Level Annotations

Branches:
Dungeon (5/15)
 Temple: D:4-7

Altars:
Ru

Annotations:
D:3 Sigmund
D:4 exclusions: ice beast and ogre, Exporg's ghost, amateur MiBe
D:5 galech's ghost, novice TrBe


Innate Abilities, Weirdness & Mutations

You are too large for most types of armour.
You have tough skin. (AC +1)


Message History

The gnoll shaman barely misses you.
You barely miss the gnoll shaman.
The gnoll shaman is almost dead.
The gnoll shaman closely misses you.
You hit the gnoll shaman.
The gnoll shaman is almost dead.
The gnoll shaman invokes the aid of its god against you.
You are outlined in light.
You barely miss the gnoll shaman.
The gnoll shaman is almost dead.
The gnoll shaman prays to its god.
The gnoll shaman is healed somewhat.
You hit the gnoll shaman but do no damage.
The gnoll shaman is severely wounded.
The gnoll shaman hits you with a whip!
* * * LOW HITPOINT WARNING * * *
It was a potion of invisibility.
You become transparent, but the glow from your corona prevents you from becoming completely invisible.
The gnoll shaman stops glowing.
The gnoll shaman hits you with a whip.
You die...

#(# #.# #.
#.#########.#
#.#.........#
#.#.# #.# #a#.#
#.# #g#.# #.#
#@#.# #.######
#.#.#######.......
#..#.........#####
######
###.#######.##
.Y.... #.# #...#
#.# ##.## #.# #.#
# #.# #.# ## #.#
#.#


You could see a gnoll shaman and a worker ant.

Vanquished Creatures
  A howler monkey (D:5)
  An orc wizard (D:4)
  3 gnolls (D:2)
  2 adders (D:2)
  An ooze (D:1)
  3 worms
  4 leopard geckos
  An orc (D:3)
  5 bats
  5 giant cockroaches
  9 goblins
  6 hobgoblins
  4 jackals
  11 kobolds
  A quokka (D:3)
  7 ball pythons
  8 frilled lizards
  10 rats
82 creatures vanquished.

Notes
Turn   | Place    | Note
-------+----------+-------------------------------------------
     0 | D:1      | mopl the Ogre Arcane Marksman began the quest for the Orb.
     0 | D:1      | Reached XP level 1. HP: 19/19 MP: 2/2
   517 | D:1      | Reached skill level 2 in Fighting
   517 | D:1      | Reached XP level 2. HP: 26/28 MP: 3/3
   759 | D:1      | Reached XP level 3. HP: 16/36 MP: 4/4
   929 | D:1      | Reached skill level 3 in Fighting
  1668 | D:3      | Reached skill level 1 in Maces & Flails
  2048 | D:2      | Reached skill level 2 in Maces & Flails
  2048 | D:2      | Reached skill level 3 in Throwing
  2048 | D:2      | Reached XP level 4. HP: 39/45 MP: 5/5
  3448 | D:2      | Reached skill level 3 in Maces & Flails
  4229 | D:3      | Reached XP level 5. HP: 25/54 MP: 6/6
  4373 | D:3      | Noticed Sigmund
  5105 | D:4      | Noticed Exporg's ghost (amateur MiBe)
  5463 | D:4      | Noticed an ice beast
  5467 | D:4      | Noticed an ogre
  5521 | D:4      | Found a sacrificial altar of Ru.
  5541 | D:4      | Reached skill level 4 in Maces & Flails
  5873 | D:5      | Entered Level 5 of the Dungeon
  5881 | D:5      | Reached skill level 4 in Fighting
  5920 | D:5      | Noticed galech's ghost (novice TrBe)
  5963 | D:4      | Slain by a gnoll shaman

Skill      XL: |  1  2  3  4  5 |
---------------+----------------+-----
Fighting       | 2 3 4 |  4.1
Maces & Flails | 2 3 4 |  4.4
Throwing       | 3 |  3.4
Dodging        | |  1.7
Spellcasting   | |  1.2
Hexes          | |  2.1

Action                   |  1- 3 |  4- 6 || total
-------------------------+-------+-------++-------
Melee: Spear             |    68 |       ||    68
       Unarmed           |     8 |       ||     8
       Club              |    86 |       ||    86
       Whip              |    20 |   240 ||   260
Throw: Stone             |     7 |     2 ||     9
       Large rock        |     1 |    12 ||    13
       Throwing net      |     1 |     2 ||     3
       Tomahawk          |       |     2 ||     2
 Cast: Corona            |       |    10 ||    10
  Use: Scroll            |       |     4 ||     4
       Potion            |       |     1 ||     1
 Stab: Sleeping          |     2 |       ||     2
       Held in net/web   |       |     1 ||     1
       Paralysed         |       |     2 ||     2
       Distracted        |       |     1 ||     1
  Eat: Chunk             |     4 |    12 ||    16
Armor: Robe              |    72 |    43 ||   115
Dodge: Dodged            |   112 |   132 ||   244
